 Dungeon Crawl Stone Soup version 0.31-a0-325-g067879e3d3 (webtiles) character file.

Game seed: 8646825474224674810

132 HallandMoats the Trooper (level 4, -2/57 HPs)
             Began as a Demonspawn Fighter on July 18, 2023.
             Slain by a scorpion (6 damage)
             ... on level 4 of the Dungeon.
             The game lasted 00:05:21 (3297 turns).

HallandMoats the Trooper (Demonspawn Fighter)       Turns: 3297, Time: 00:05:21

Health: -2/57      AC: 22    Str: 19    XL:     4   Next: 92%
Magic:  4/4        EV:  2    Int:  9    God:
Gold:   224        SH:  4    Dex: 12    Spells: 3/3 levels left

rFire   . . .        a - +0 war axe
rCold   . . .        c - +0 buckler
rNeg    . . .        b - melded +0 scale mail
rPois   +            (helmet currently unavailable)
rElec   .            (cloak currently unavailable)
rCorr   .            (gloves currently unavailable)
SInv    .            (boots currently unavailable)
Will    .....        (no amulet)
Stlth   +            (no ring)
HPRegen 0.29/turn    (no ring)
MPRegen 0.09/turn

%: no passive effects
@: lethally poisoned (-2 -> -9), tree-form
A: stationary, stasis, torment immunity, boosted hp, (antennae 1), demonic magic
1
a: no special abilities


You were on level 4 of the Dungeon.
You were a tree.
You visited 1 branch of the dungeon, and saw 4 of its levels.

You collected 224 gold pieces.

Inventory:

Hand Weapons
 a - a +0 war axe (weapon)
Armour
 b - a +0 scale mail (melded)
 c - a +0 buckler (worn)
Jewellery
 e - an amulet of magic regeneration
 g - a ring of wizardry
 q - a ring of ice
Talismans
 n - a talisman of death
Scrolls
 h - a scroll of poison {unknown}
 j - a scroll of blinking {unknown}
 k - a scroll of silence {unknown}
 l - 2 scrolls of enchant weapon {unknown}
 o - 4 scrolls of identify {unknown}
 p - a scroll of vulnerability {unknown}
 s - a scroll of enchant armour {unknown}
Potions
 d - 2 potions of might
 f - a potion of enlightenment {unknown}
 i - 2 potions of lignification
 m - a potion of degeneration
 r - a potion of heal wounds {unknown}
 t - a potion of mutation {unknown}


   Skills:
 * Level 4.7 Fighting
 + Level 2.9 Axes
 - Level 2.6 Armour
 - Level 2.6 Shields
 + Level 1.0 Shapeshifting


You had 3 spell levels left.
You didn't know any spells.
Your spell library contained the following spells:

 Spells                   Type           Power      Damage    Failure   Level
 Inner Flame              Hex/Fire       0%         N/A       83%         3
 Yara's Violent Unravell  Hex/Tmut       0%         3d3       100%        5
 Enfeeble                 Hex            0%         N/A       100%        7


Dungeon Overview and Level Annotations

Branches:
Dungeon (4/15)
 Temple: D:4-7

Altars:

Shops:
D:2 *   D:3 [


Innate Abilities, Weirdness & Mutations

You are a tree.
Your roots penetrate the ground, keeping you stationary.
You cannot be teleported.
You are immune to unholy pain and torment.
Your maximum health is greatly increased.
Your equipment is partially melded.
((You have a pair of small antennae on your head.))
Spells you cast may paralyse adjacent enemies.


Message History

You block the scorpion's attack.
The scorpion stings you but does no damage.
You hit the scorpion but do no damage.
The scorpion is lightly wounded.
The scorpion stings you. x2
You barely miss the scorpion.
The scorpion is lightly wounded.
The scorpion barely misses you.
You barely miss the scorpion.
The scorpion is lightly wounded.
The scorpion stings you. You block the scorpion's attack.
You hit the scorpion.
The scorpion is moderately wounded.
The scorpion stings you.
You are poisoned.
The scorpion poisons you!
You hit the scorpion.
The scorpion is heavily wounded.
You feel very sick. The scorpion stings you.
You are lethally poisoned!
The scorpion poisons you! You block the scorpion's attack.
You hit the scorpion.
The scorpion is severely wounded.
You feel very sick. The scorpion stings you.
* * * LOW HITPOINT WARNING * * *
The scorpion stings you but does no damage.
You hit the scorpion but do no damage.
The scorpion is severely wounded.
* * * LOW HITPOINT WARNING * * *
You feel very sick. You block the scorpion's attack.
Unknown command.
It was a potion of lignification.
You turn into a tree.
Your +0 scale mail melds into your body.
Your roots penetrate the ground.
* * * LOW HITPOINT WARNING * * *
You feel sick. The scorpion stings you.
You die...

###### . #....# ..#
.#.####....# ....
...........+ ....
##.<..####
#.##..#####<........
#......♣....########
#####.s####.# .....
#.# #####. #.# #.
#.# ## ... ..# #.#


You could see a scorpion.

Vanquished Creatures
  Jessica (D:3)
  4 adders
  A worm (D:2)
  A dart slug (D:3)
  8 bats
  10 endoplasms
  A giant cockroach (D:2)
  4 goblins
  7 hobgoblins
  5 quokkas
  5 ball pythons
  7 frilled lizards
  4 kobolds
  6 rats
64 creatures vanquished.

Notes
Turn   | Place    | Note
-------+----------+-------------------------------------------
     0 | D:1      | HallandMoats the Demonspawn Fighter began the quest for the
                  | Orb.
     0 | D:1      | Reached XP level 1. HP: 18/18 MP: 1/1
   118 | D:1      | Gained mutation: You have a pair of small antennae on your
                  | head. [demonic ancestry]
   118 | D:1      | Reached XP level 2. HP: 16/24 MP: 2/2
   577 | D:1      | Found a faded altar of an unknown god.
   668 | D:1      | Reached XP level 3. HP: 30/30 MP: 3/3
  1333 | D:2      | Reached skill level 4 in Fighting
  1466 | D:2      | Found Zoif's General Store.
  1692 | D:2      | Gained mutation: Spells you cast may paralyse adjacent
                  | enemies. [demonic ancestry]
  1692 | D:2      | Reached XP level 4. HP: 9/37 MP: 4/4
  2696 | D:3      | Noticed Jessica
  2709 | D:3      | Killed Jessica
  2732 | D:3      | Found Xucif's Armour Emporium.
  2753 | D:3      | Found the +10 zealot's sword {holy, Zealotry, *Rage rN+
                  | EV+3}
  2845 | D:3      | Reached skill level 1 in Shapeshifting
  3286 | D:4      | Noticed a scorpion
  3297 | D:4      | Slain by a scorpion

Illustrated notes

Levels and vault maps discovered:
D:1:      minmay_arrival_jagged, layout_rooms,
          shapermc_ecumenical_altar_pompeii, chequers_serial_rivers_room_a,
          minmay_misc_feat_room, grunt_decor_junction, minmay_close_crescents
D:2:      layout_basic, serial_shops, shop, minmay_misc_feat_roman, hex_tiny,
          serial_bayou_lagoon_b
D:3:      layout_loops_ring, serial_shops, nicolae_shop_back_alley_shop,
          grunt_decor_clamped, minivault_5, uniq_jessica
D:4:      layout_basic

Skill      XL: |  1  2  3  4 |
---------------+-------------+-----
Axes           | 2 |  2.9
Fighting       | 4 |  4.7
Shapeshifting  | 1 |  1.0
Armour         | |  2.6
Shields        | |  2.6

Action                     |  1- 3 |  4- 6 || total
---------------------------+-------+-------++-------
  Melee: War axe           |   133 |    67 ||   200
    Use: Potion            |     3 |     1 ||     4
 Armour: Scale mail        |    74 |    32 ||   106
  Dodge: Dodged            |    74 |    29 ||   103
  Block: Buckler           |    45 |    15 ||    60
         Form:             |     1 |       ||     1
         Death             |     1 |       ||     1

Table legend: (Time is in decaauts)
 A = Elapsed time spent in this place.
 B = Non-inter-level travel time spent in this place.
 C = Inter-level travel time spent in this place.
 D = Time resting spent in this place.
 E = Time spent auto-exploring this place.
 F = Levels seen in this place.
 G = Mean time per level.
                   A        B        C        D        E       F      G
               +--------+--------+--------+--------+--------+-----+--------+
         Total |   3394 |   3259 |    135 |    935 |   1635 |   4 |  848.5 |
       Dungeon |   3394 |   3259 |    135 |    935 |   1635 |   4 |  848.5 |
               +--------+--------+--------+--------+--------+-----+--------+

Top non-repeatable levels by time:
     D:3: 1273 daAuts
     D:1: 1193 daAuts
     D:2: 905 daAuts
     D:4: 22 daAuts
